 Dungeon Crawl Stone Soup version 0.23.2 (webtiles) character file.

Game seed: 17713285598292544747

6305 Chiseanne the Fighter (level 10, 0/87 HPs)
             Began as a Demonspawn Wanderer on Apr 9, 2019.
             Was an Elder of Vehumet.
             Shot with an arrow by a centaur warrior (7 damage)
             ... on level 10 of the Dungeon.
             The game lasted 00:21:52 (11369 turns).

Chiseanne the Fighter (Demonspawn Wanderer)        Turns: 11369, Time: 00:21:52

Health: 0/87       AC: 16    Str: 12    XL:     10   Next: 63%
Magic:  0/17       EV: 14    Int: 16    God:    Vehumet [****..]
Gold:   442        SH:  0    Dex: 14    Spells: 7/19 levels left

rFire    . . .     SeeInvis .   s - +2 hand axe (venom)
rCold    . . .     Gourm    .   (no shield)
rNeg     . . .     Faith    +   m - +1 ring mail
rPois    .         Spirit   +   y - +0 helmet
rElec    .         Reflect  .   (no cloak)
rCorr    +         Harm     .   (no gloves)
MR       .....                  r - +0 pair of boots
Stlth    +.........             C - amulet of faith
HPRegen  0.24/turn              q - +4 ring of protection
MPRegen  0.15/turn              P - ring of resist corrosion

@: lethally poisoned (0 -> -1)
A: claws 2, rugged brown scales 2, magic shield
a: Renounce Religion


You were on level 10 of the Dungeon.
You worshipped Vehumet.
Vehumet was greatly pleased with you.
You were not hungry.

You visited 1 branch of the dungeon, and saw 10 of its levels.
You also visited: Ossuary.

You collected 442 gold pieces.

Inventory:

Hand Weapons
 a - a +3 falchion of slicing
 d - a +2 dagger of electrocution
 s - a +2 hand axe of venom (weapon)
 E - a +1 flail of protection
Missiles
 l - 161 arrows
 p - 106 bolts
 u - 19 poisoned needles
 v - 263 stones (quivered)
 A - 5 tomahawks
 D - 36 sling bullets
 G - 7 javelins
Armour
 m - a +1 ring mail (worn)
 r - a +0 pair of boots (worn)
 x - a +0 large shield
 y - a +0 helmet (worn)
Jewellery
 o - an uncursed ring of flight
 q - a +4 ring of protection (left claw)
 C - an amulet of faith (around neck)
 P - a ring of resist corrosion (right claw)
Wands
 e - a wand of polymorph (17)
 w - a wand of iceblast (10)
 F - a wand of paralysis (10)
 H - a wand of enslavement (4)
 I - a wand of flame (4)
 O - a wand of digging (5)
Scrolls
 c - 6 scrolls of teleportation
 i - a scroll of enchant armour
 k - a scroll of magic mapping
 z - 4 scrolls of remove curse
 J - 2 scrolls of blinking
 K - 3 scrolls of identify
 N - 2 scrolls of immolation
 Q - a scroll of amnesia
Potions
 b - 2 potions of might
 g - 3 potions of brilliance
 h - a potion of curing
 j - a potion of haste
 n - 2 potions of flight {unknown}
 t - 3 potions of agility {unknown}
 B - a potion of magic {unknown}
 L - 2 potions of lignification {unknown}
 M - 2 potions of heal wounds {unknown}
Comestibles
 f - 13 rations


   Skills:
 * Level 9.0 Fighting
 - Level 1.0 Long Blades
 - Level 1.0 Throwing
 * Level 7.4 Armour
 * Level 7.6 Dodging
 - Level 1.0 Stealth
 - Level 1.0 Shields
 * Level 5.2 Spellcasting
 * Level 4.5 Conjurations
   Level 1.7 Fire Magic


You had 7 spell levels left.
You knew the following spells:

 Your Spells              Type           Power        Failure   Level  Hunger
a - Magic Dart            Conj           ###.         1%          1    None
b - Dazzling Spray        Conj/Hex       ##....       10%         3    ###....
c - Iskenderun's Mystic   Conj           ###.....     12%         4    ####...
d - Force Lance           Conj/Tloc      ##......     28%         4    ####...

Your spell library contained the following spells:

 Spells                   Type           Power        Failure   Level  Hunger
 Inner Flame              Hex/Fire       #.......     16%         3    ###....
 Searing Ray              Conj           ###...       1%          2    #......
 Fulminant Prism          Conj/Hex       ##........   28%         4    ####...
 Iskenderun's Battlesphe  Conj/Chrm      ##......     58%         5    ######.
 Venom Bolt               Conj/Pois      ##........   58%         5    ######.
 Bolt of Magma            Conj/Fire/Erth ##........   61%         5    ######.
 Iron Shot                Conj/Erth      ##........   98%         6    #######
 Orb of Destruction       Conj           ###.......   100%        7    #######
 Spellforged Servitor     Conj/Summ      ##........   100%        7    #######


Dungeon Overview and Level Annotations

Branches:
Dungeon (10/15)            Temple (0/1) D:5
   Lair: D:8-11         Orc: D:9-12

Altars:
Ashenzari
Cheibriados
Dithmenos
Gozag
Hepliaklqana
Makhleb
Okawaru
Qazlal
Sif Muna
Trog
Uskayaw
Vehumet
Wu Jian
Yredelemnul

Annotations:
D:6 3 runed translucent doors, mess's ghost, novice GrMo
D:10 Harold


Innate Abilities, Weirdness & Mutations

You have very sharp fingernails.
You are mostly covered in rugged brown scales. (AC +2, +5% HP)
When hurt, damage is shared between your health and your magic reserves.


Message History

You feel sick.
The centaur warrior wields a +1 shortbow of flaming.
It bursts into flame!
The centaur warrior shoots an arrow.
The arrow hits you but does no damage.
The centaur warrior shoots an arrow.
The arrow barely misses you.
You see here 5 arrows.
Evoke which item? (* to show all) (? for menu, Esc to quit)
Aiming: Iceblast
Press: ? - help, Shift-Dir - straight line, f - centaur warrior
Aim: a centaur warrior, wielding a +1 shortbow of flaming (severely wounded, poisoned)
The mass of ice explodes!
The iceblast engulfs the centaur warrior!
The centaur warrior is almost dead.
You feel sick.
You hear an angry hiss.
You hear a shout! x2; You hear an angry growl.
You hear a shout!
The centaur warrior shoots an arrow.
The arrow hits you!!
* * * LOW HITPOINT WARNING * * *
The arrow burns you!
You die...

##...##.#.#.#.#....
.....##.........#
.....##........##
.....##.........#
.....#..###.###....
...>...##..#..##...
#.....##.#####.##.#
####.##. ##.## #.#.
##@# # #(#####o..
##c.GzFW?(
#.#####Z%. #. .# .#
.# ##


You could see a centaur warrior.

Vanquished Creatures
  An orb spider (D:9)
  A troll (D:10)
  2 hippogriffs
  An orc warrior (D:7)
  2 wyverns
  A yak (D:7)
  A human (D:7)
  A golden eye (D:5)
  A hungry ghost (D:10)
  3 hogs (D:7)
  A water moccasin (D:10)
  3 sky beasts
  4 ice beasts
  2 black bears
  An eye of draining (D:10)
  A phantom (D:7)
  3 ogres
  3 centaurs
  A big kobold (D:8)
  4 bullfrogs
  3 elf zombies (Ossuary)
  2 water moccasin zombies
  3 scorpions
  3 killer bees (D:9)
  6 howler monkeys
  A centaur zombie (Ossuary)
  3 crimson imps
  3 human zombies (Ossuary)
  A bullfrog zombie (D:7)
  A jelly (D:10)
  7 hounds
  2 bullfrog skeletons
  4 orc priests
  Ijyb (D:5)
  2 iguanas
  2 worker ants
  Robin (D:4)
  4 mummies
  A howler monkey zombie (D:5)
  12 adders
  5 shadow imps
  3 oozes
  7 adder zombies (Ossuary)
  3 adder skeletons (D:5)
  A worm (D:3)
  2 dart slugs (D:3)
  4 leopard geckos
  15 orcs
  8 bats
  4 giant cockroaches (D:3)
  3 gnoll zombies
  7 hobgoblins
  5 jackals
  11 kobolds
  2 quokkas (D:3)
  5 frilled lizards
  13 goblins
  4 goblin zombies (Ossuary)
  2 hobgoblin zombies (Ossuary)
  A jackal zombie (Ossuary)
  4 kobold zombies (Ossuary)
  3 orc zombies (Ossuary)
  A quokka skeleton (D:6)
  4 quokka zombies (Ossuary)
  7 rats
  2 rat zombies (Ossuary)
225 creatures vanquished.

Vanquished Creatures (collateral kills)
  An orc wizard (D:7)
  2 orcs (D:7)
3 creatures vanquished.

Vanquished Creatures (others)
  An ogre (D:7)
1 creature vanquished.

Grand Total: 229 creatures vanquished

Notes
Turn   | Place    | Note
-------+----------+-------------------------------------------
     0 | D:1      | Chiseanne the Demonspawn Wanderer began the quest for the
                  | Orb.
     0 | D:1      | Chiseanne set off with the following items: a +2 falchion,
                  | a potion of curing, a scroll of teleportation, a +0 robe, a
                  | ration
     0 | D:1      | Reached XP level 1. HP: 18/18 MP: 2/2
   718 | D:1      | Reached skill level 1 in Dodging
   718 | D:1      | Gained mutation: When hurt, damage is shared between your
                  | health and your magic reserves. [demonic ancestry]
   718 | D:1      | Reached XP level 2. HP: 21/24 MP: 3/3
  1394 | D:2      | Gained mutation: You are partially covered in rugged brown
                  | scales. (AC +1, +3% HP) [demonic ancestry]
  1394 | D:2      | Reached XP level 3. HP: 23/29 MP: 4/4
  1469 | D:2      | Found a stormy altar of Qazlal.
  1791 | D:3      | Reached skill level 1 in Armour
  2089 | D:3      | Gained mutation: You have sharp fingernails. [demonic
                  | ancestry]
  2089 | D:3      | Reached XP level 4. HP: 38/38 MP: 5/5
  2479 | D:3      | Found a shadowy altar of Dithmenos.
  2489 | D:3      | Reached skill level 4 in Fighting
  3143 | D:3      | Reached XP level 5. HP: 34/43 MP: 6/6
  3235 | D:3      | Found a radiant altar of Vehumet.
  3235 | D:3      | Found a burning altar of Makhleb.
  3263 | D:3      | Became a worshipper of Vehumet
  3599 | D:4      | HP: 2/44 [poisoned by a scorpion]
  3795 | D:4      | Found an opulent altar of Gozag.
  3838 | D:4      | Gained mutation: You are mostly covered in rugged brown
                  | scales. (AC +2, +5% HP) [demonic ancestry]
  3838 | D:4      | Reached XP level 6. HP: 36/52 MP: 5/7
  3997 | D:4      | Reached skill level 5 in Fighting
  4028 | D:4      | Found a sand-covered staircase.
  4033 | Ossuary  | Entered an ossuary
  4319 | Ossuary  | Reached * piety under Vehumet
  4319 | Ossuary  | Offered knowledge of Sandblast by Vehumet.
  4478 | Ossuary  | Reached XP level 7. HP: 47/58 MP: 8/8
  4892 | D:4      | Noticed Robin
  4902 | D:4      | Offered knowledge of Freeze by Vehumet.
  4904 | D:4      | Reached ** piety under Vehumet
  4922 | D:4      | Killed Robin
  5264 | D:4      | Reached skill level 6 in Fighting
  5480 | D:5      | Entered Level 5 of the Dungeon
  5554 | D:5      | Reached XP level 8. HP: 37/67 MP: 9/9
  5816 | D:5      | Reached skill level 5 in Dodging
  5903 | D:5      | Reached skill level 5 in Armour
  6189 | D:5      | Found a staircase to the Ecumenical Temple.
  6206 | D:5      | Learned a level 1 spell: Magic Dart
  6295 | D:5      | Noticed Ijyb
  6305 | D:5      | Killed Ijyb
  6402 | D:5      | Reached skill level 7 in Fighting
  6789 | D:5      | Found a snail-covered altar of Cheibriados.
  6960 | D:6      | Found a runed translucent gate.
  6960 | D:6      | Found a runed translucent gate.
  6960 | D:6      | Found a runed translucent gate.
  6960 | D:6      | Noticed mess's ghost (novice GrMo)
  7037 | D:6      | Found an iron altar of Okawaru.
  7112 | D:6      | Found a hazy altar of Hepliaklqana.
  7113 | D:6      | Found a bloodstained altar of Trog.
  7115 | D:6      | Found an ornate altar of the Wu Jian Council.
  7176 | D:6      | Reached XP level 9. HP: 51/75 MP: 10/12
  7363 | D:6      | HP: 3/75 [poisoned by an orc priest]
  7369 | D:6      | HP: 3/75 [poisoned by an orc priest]
  7377 | D:6      | HP: 2/75 [poisoned by an orc priest]
  7745 | D:6      | Found a radiant altar of Vehumet.
  7903 | D:6      | Offered knowledge of Throw Flame by Vehumet.
  8222 | D:7      | Noticed a +0 hand axe
  8222 | D:7      | Noticed a +0 hand axe
  8228 | D:7      | Found a hide-covered altar of Uskayaw.
  8277 | D:7      | Reached *** piety under Vehumet
  8277 | D:7      | Reached skill level 1 in Conjurations
  9011 | D:7      | Reached skill level 8 in Fighting
  9022 | D:7      | Offered knowledge of Static Discharge by Vehumet.
  9368 | D:7      | Found a deep blue altar of Sif Muna.
  9406 | D:7      | Gained mutation: You have very sharp fingernails. [demonic
                  | ancestry]
  9406 | D:7      | Reached XP level 10. HP: 79/85 MP: 16/16
  9592 | D:7      | Learned a level 3 spell: Dazzling Spray
  9597 | D:7      | Learned a level 4 spell: Iskenderun's Mystic Blast
  9602 | D:7      | Learned a level 4 spell: Force Lance
  9817 | D:8      | Found a shattered altar of Ashenzari.
 10072 | D:8      | Reached **** piety under Vehumet
 10078 | D:8      | Found a basalt altar of Yredelemnul.
 10234 | D:9      | Offered knowledge of Inner Flame by Vehumet.
 10360 | D:9      | Noticed an orb spider
 10360 | D:9      | a troll changed into an orb spider
 10370 | D:9      | Killed an orb spider
 10429 | D:9      | Noticed a deep elf mage
 10435 | D:9      | Noticed a smoke demon
 10440 | D:10     | Entered Level 10 of the Dungeon
 11114 | D:10     | Reached skill level 5 in Spellcasting
 11334 | D:10     | Noticed a centaur warrior
 11340 | D:10     | Noticed a great orb of eyes
 11340 | D:10     | Noticed Harold
 11354 | D:10     | Reached skill level 9 in Fighting
 11369 | D:10     | Shot with an arrow by a centaur warrior

Skill      XL: |  1  2  3  4  5  6  7  8  9 10 |
---------------+-------------------------------+-----
Dodging        | 1 2 3 4 6 7 |  7.6
Armour         | 1 2 3 4 5 6 7 |  7.4
Fighting       | 4 5 6 7 8 9 |  9.0
Spellcasting   | 2 4 5 |  5.2
Conjurations   | 3 4 |  4.5
Long Blades    | |  1.0
Throwing       | |  1.0
Stealth        | |  1.0
Shields        | |  1.0
Fire Magic     | |  1.7

Action                   |  1- 3 |  4- 6 |  7- 9 | 10-12 || total
-------------------------+-------+-------+-------+-------++-------
Melee: Falchion          |    92 |   260 |   516 |   133 ||  1001
       Short sword       |       |       |    11 |       ||    11
       Dagger            |       |       |     2 |     7 ||     9
       Hand axe          |       |       |    29 |    73 ||   102
       Flail             |       |       |     3 |     7 ||    10
 Cast: Magic Dart        |       |       |       |     7 ||     7
Evoke: Wand              |       |     1 |     8 |    11 ||    20
  Use: Scroll            |       |    13 |     1 |     5 ||    19
       Potion            |       |     1 |     4 |     1 ||     6
 Stab: Sleeping          |     2 |     1 |       |     1 ||     4
       Paralysed         |       |       |       |    13 ||    13
  Eat: Chunk             |     4 |     7 |    11 |     2 ||    24
       Ration            |       |       |     2 |     2 ||     4
Armor: Leather armour    |     5 |       |       |       ||     5
       Robe              |     1 |       |       |       ||     1
       Ring mail         |    35 |   152 |   317 |   112 ||   616
Dodge: Dodged            |    52 |   181 |   435 |   231 ||   899
       Rpst.: Falchion   |    18 |    60 |   118 |    35 ||   231
